[Event "FIDE Candidates Tournament 2022"]
[Site "Madrid"]
[Date "2022.06.21"]
[Round "4.2"]
[White "Nepomniachtchi, Ian"]
[Black "Firouzja, Alireza"]
[Result "1-0"]
[ECO "B90"]
[WhiteElo "2773"]
[BlackElo "2804"]
[Annotator "TA"]
[PlyCount "77"]
[EventDate "2022.06.17"]
[EventType "tourn"]
[EventCountry "ESP"]
[SourceTitle "playchess.com"]
[Source "ChessBase"]
[SourceQuality "1"]
[TimeControl "40/7200:20/3600:900+30"]

1. e4 c5 2. Nf3 d6 3. d4 cxd4 4. Nxd4 Nf6 5. Nc3 a6 6. f3 e5 7. Nb3 Be6 8. Be3 Be7 9. Qd2 O-O 10. O-O-O Nbd7 11. g4 b5 12. g5 b4 13. Ne2 Ne8 14. f4 a5 15. f5 {[%emt 0:00:15] B90: Sicilian Najdorf: Unusual White 6th moves, 6 Be3 Ng4 and 6 Be3 e5.} Bc4 (15... a4 $11 {might be stronger.} 16. fxe6 axb3 17. exf7+ (17. exd7 $2 bxa2 18. Qd5 a1=Q+ $19) 17... Rxf7 18. cxb3 Rxa2) 16. Kb1 a4 17. Nbc1 {[%emt 0:01:51] White is slightly better.} d5 $1 18. f6 $5 {[%emt 0:05:29][%mdl 4] A promising side line.} gxf6 19. gxf6 ({White should try} 19. Ng3 $14 Bxf1 20. Rhxf1) 19... Ndxf6 20. Ng3 {[%emt 0:00:43] Hoping for Bxc4.} Bxf1 (20... Qc7 $11) 21. Rhxf1 $14 {[%emt 0:03:46] [#]} a3 $146 {[%emt 0:28:48] White must now prevent ...axb2.} ({Predecessor:} 21... Kh8 22. exd5 a3 {0-1 (22) Ramsden,J (1852)-Rihtaric,I (1988) ICCF email 2007}) 22. b3 {[%emt 0:07:06] Threatens to win with Nd3.} Kh8 (22... Nxe4 $2 23. Nxe4 Nc7 24. Bh6 $18) 23. exd5 Nd6 $2 {[%emt 0:06:36] A mistake that costs the game.} ({Black should play} 23... Qc7 $1 $14) 24. Qxb4 $18 Rc8 $2 (24... Rb8 {keeps fighting.} 25. Qe1 (25. Qxa3 Nc4 $15) 25... Qc7) 25. Bb6 Qd7 {[%emt 0:06:43] [#]} 26. Qe1 $1 Rb8 27. Ba5 Nc4 28. d6 Bd8 29. Bc3 Qe6 30. Nd3 Nd5 31. Nf4 ({Don't do} 31. Bxe5+ f6 32. Nc5 Qf7 $18) 31... Nxf4 32. Rxf4 {[%emt 0:00:06] Really sharp!} f6 33. Qe2 ({And not} 33. Rxc4 Qxc4 34. Bd2 Qg4 $11) 33... Nb2 (33... Nxd6 34. Bxe5 Nb5) 34. Rdf1 Re8 35. Rh4 {[%emt 0:00:17][%cal Oh4h7] aiming for Rxh7+!} f5 {[%emt 0:00:17] [#]} 36. Rxh7+ $3 Kxh7 37. Qh5+ Kg8 38. Nxf5 Bf6 39. Rg1+ {[%emt 0:00:18] Weighted Error Value: White=0.14 (very precise) /Black=0.60} 1-0

[Event "FIDE Candidates Tournament 2022"]
[Site "Madrid"]
[Date "2022.06.23"]
[Round "6.4"]
[White "Nepomniachtchi, Ian"]
[Black "Duda, Jan-Krzysztof"]
[Result "1-0"]
[ECO "A07"]
[WhiteElo "2773"]
[BlackElo "2750"]
[Annotator "TA"]
[PlyCount "69"]
[EventDate "2022.06.17"]
[EventType "tourn"]
[EventCountry "ESP"]
[SourceTitle "playchess.com"]
[Source "ChessBase"]
[SourceQuality "1"]
[TimeControl "40/7200:20/3600:900+30"]

1. Nf3 d5 2. g3 Bg4 3. Bg2 e6 4. O-O Nd7 5. h3 Bh5 6. d4 {[%emt 0:02:08] A07: Réti Opening: New York and Capablanca Systems.} Ngf6 7. c4 c6 8. cxd5 {[%emt 0:00:25] The position is equal.} exd5 9. Ne5 $1 {[%emt 0:00:25][%mdl 4] outshines the older 9.Qb3.} Nxe5 10. dxe5 Ne4 11. Nd2 Nxd2 12. Bxd2 Bc5 13. Rc1 Qe7 14. Kh2 O-O 15. g4 Bg6 (15... Qxe5+ $2 16. f4 Qd6 17. gxh5 $18) 16. f4 $36 {[%emt 0:00:12][%mdl 2048] [#] With the idea f5. White has good play.} h6 $146 ({Predecessor:} 16... f5 17. Qb3 Rad8 18. gxf5 Bxf5 19. Rxc5 Qxc5 20. e4 Bg6 21. Bb4 Qc4 22. f5 Bh5 23. Bxf8 Qxb3 24. axb3 Kxf8 25. exd5 cxd5 {½-½ (31) Svidler,P (2768)-Karjakin,S (2753) Wijk aan Zee 2018}) 17. Qe1 Rfe8 18. Qg3 Bh7 19. h4 Rad8 20. g5 hxg5 (20... Kh8 $1 $11 {keeps the balance.}) 21. hxg5 $16 Bb4 ({Black should play} 21... Bf5) 22. Bxb4 Qxb4 23. f5 $1 Qxb2 {[%emt 0:02:40][%cal Oh7f5] [#] White must now prevent ...Bxf5!} 24. e6 (24. g6 fxg6 25. fxg6 Bxg6 26. Qxg6 Qxe5+ 27. Kg1 (27. Kh1 Rd6 $11) 27... Rd6 28. Qf7+ Kh7 $11) ({White must play} 24. Rc3 $1 $18) 24... fxe6 $14 (24... Qxe2 $2 25. exf7+ Kxf7 26. g6+ Kg8 27. Qh4 $18 (27. gxh7+ Kh8 $16)) 25. g6 exf5 26. gxh7+ Kh8 27. Rb1 Qf6 28. Rxb7 Rxe2 {[%emt 0:00:24] [#]} ({Black should try} 28... Re5 $14) 29. Rxf5 $3 $16 Qh6+ 30. Kg1 Rxa2 $2 {[%emt 0:03:24] Loses the game.} (30... Re6 $16) 31. Rbf7 {[%emt 0:03:51] Threatens to win with Bf1. Really sharp!} Ra1+ {[%emt 0:02:17] [#]} (31... Re2 {keeps fighting.} 32. Rg5 (32. Rxa7 Qc1+ 33. Bf1 Qc5+ 34. Kh1 Qxa7 $14) 32... Re1+ 33. Bf1 (33. Qxe1 Qxg5 34. Qe7 Qxe7 $11) 33... Rde8 34. Rgxg7 Qe3+ 35. Qxe3 R1xe3 36. Rxa7 Rd8) 32. Bf1 $1 $18 {[%emt 0:00:55] Rg5 is the strong threat. Active counter play!} d4 (32... Re8 {was worth a try.} 33. Rg5 Rae1) 33. Rg5 Qd6 34. Qf2 Qa3 35. Rg3 {[%emt 0:01:01] Weighted Error Value: White=0.09 (flawless) /Black=0.66} ({Weaker is} 35. Rfxg7 Qe3 $16) 1-0

[Event "FIDE Candidates Tournament 2022"]
[Site "Madrid"]
[Date "2022.07.03"]
[Round "13.1"]
[White "Nepomniachtchi, Ian"]
[Black "Rapport, Richard"]
[Result "1/2-1/2"]
[ECO "B66"]
[WhiteElo "2773"]
[BlackElo "2776"]
[Annotator "TA"]
[PlyCount "67"]
[EventDate "2022.06.17"]
[EventType "tourn"]
[EventCountry "ESP"]
[SourceTitle "playchess.com"]
[Source "ChessBase"]
[SourceQuality "1"]
[TimeControl "40/7200:20/3600:900+30"]

1. e4 c5 2. Nf3 Nc6 3. d4 cxd4 4. Nxd4 Nf6 5. Nc3 d6 6. Bg5 e6 7. Qd2 a6 8. O-O-O Bd7 9. Nxc6 Bxc6 10. f3 h6 11. Bf4 d5 12. Qe1 Bb4 13. a3 {[%emt 0:01:37] B66: Sicilian: Richter-Rauzer: 7...a6 8 0-0-0 h6.} Bxc3 14. Qxc3 O-O 15. Be5 {[%emt 0:13:38] The position is equal. was the old line (15.g4).} Rc8 {[%emt 0:08:20] [#] Strongly threatening ...Ba4.} (15... Nd7 $5 ) 16. Bxf6 Qxf6 17. Qxf6 gxf6 18. exd5 Bxd5 19. Rd4 {[%emt 0:00:37] [#]} f5 $146 ({Predecessor:} 19... Rfd8 20. Be2 Kf8 21. Rhd1 Ke7 22. c3 f5 23. Rh4 Rh8 24. Kc2 Rc7 {½-½ (46) Drake Diez De Rivera,P (2468)-Walsh,H (2591) ICCF email 2004}) 20. Bd3 Bc6 21. Rd1 Kg7 22. Be2 Kf6 23. Rh4 Kg5 24. g3 Rfd8 25. Rhd4 Rxd4 26. Rxd4 $14 {[%emt 0:00:05][%mdl 4096] Endgame KRB-KRB} e5 27. f4+ exf4 28. Rxf4 Be4 {[%emt 0:00:42] Inhibits Bd3.} 29. c3 Rd8 30. Bd1 Rd7 31. Bc2 Re7 32. Bd1 Rd7 33. Bc2 Re7 34. Bd1 {[%emt 0:00:05] Weighted Error Value: White=0.09 (flawless) /Black=0.04 (flawless)} 1/2-1/2